 Dungeon Crawl Stone Soup version 0.22-a0-605-g9281fa2 (webtiles) character file.

130 Lianjan the Magician (level 4, -1/30 HPs)
             Began as a Mummy Wizard on July 9, 2018.
             Killed from afar by Sigmund (12 damage)
             ... with a puff of flame
             ... on level 3 of the Dungeon.
             The game lasted 00:08:14 (3080 turns).

Lianjan the Magician (Mummy Wizard)                 Turns: 3080, Time: 00:08:15

Health: -1/30      AC:  2    Str: 11    XL:     4   Next: 89%
Magic:  6/10       EV: 12    Int: 17    God:
Gold:   76         SH:  0    Dex: 10    Spells: 1/12 levels left

rFire    x . .     SeeInvis .   k - +0 halberd
rCold    + . .     Gourm    .   (shield currently unavailable)
rNeg     + + +     Faith    .   a - +0 robe
rPois    ∞         Spirit   .   b - +0 hat
rElec    .         Reflect  .   (no cloak)
rCorr    .         Harm     .   (no gloves)
MR       .....                  (no boots)
Stlth    ++........             (no amulet)
HPRegen  0.10/turn              (no ring)
MPRegen  0.12/turn              (no ring)

@: no status effects
A: no food or potions, fire vulnerability, cold resistance 1, negative energy
resistance 3, torment resistance, unbreathing
a: no special abilities


You were on level 3 of the Dungeon.
You were not hungry.

You visited 1 branch of the dungeon, and saw 3 of its levels.

You collected 76 gold pieces.

Inventory:

Hand Weapons
 g - a +0 hunting sling
 k - a +0 halberd (weapon)
Missiles
 h - 73 stones (quivered)
Armour
 a - a +0 robe (worn)
 b - a +0 hat (worn)
Jewellery
 c - an uncursed ring of ice {unknown}
 j - an uncursed ring of see invisible {unknown}
Wands
 i - a wand of acid (5)
Scrolls
 d - 5 scrolls of teleportation {unknown}
 e - 2 scrolls of enchant weapon {unknown}
 f - 3 scrolls of identify {unknown}
 l - a scroll of magic mapping {unknown}


   Skills:
 - Level 1.5 Dodging
 - Level 1.5 Stealth
 + Level 4.9 Spellcasting
 + Level 2.2 Conjurations
 * Level 2.1 Summonings
 + Level 1.5 Translocations


You had one spell level left.
You knew the following spells:

 Your Spells              Type           Power        Failure   Level  Hunger
a - Magic Dart            Conj           ##..         5%          1    N/A
b - Blink                 Tloc           N/A          12%         2    N/A
c - Mephitic Cloud        Conj/Pois/Air  #.......     32%         3    N/A
d - Conjure Flame         Conj/Fire      #.......     26%         3    N/A
g - Call Imp              Summ           ##......     9%          2    N/A

Your spell library contained the following spells:

 Spells                   Type           Power        Failure   Level  Hunger
 Slow                     Hex            #.......     22%         2    N/A

Dungeon Overview and Level Annotations

Branches:
Dungeon (3/15)

Altars:
Kikubaaqudgha

Annotations:
D:3 Sigmund


Innate Abilities, Weirdness & Mutations

You do not eat or drink.
Your flesh is vulnerable to fire.
You are immune to poison.
Your flesh is cold resistant. (rC+)
You are immune to negative energy. (rN+++)
You are immune to unholy pain and torment.
You can survive without breathing.


Message History

Casting: Call Imp (safe; 9% risk of failure)
Confirm with . or Enter, or press ? or * to list all spells.
A shadowy apparition takes form in the air.
Your shadow imp hits something.
Casting: Call Imp (safe; 9% risk of failure)
Confirm with . or Enter, or press ? or * to list all spells.
A beastly little devil appears in a puff of flame.
Your shadow imp appears confused.
Something misses your white imp. Something hits your white imp.
Your white imp dies!
Press: ? - help, v - describe, . - travel A rock wall.
Your crimson imp easily resists.
A puff of flame appears from out of thin air!
The puff of flame hits you! The fire burns you terribly!
There is a stone staircase leading up here.
A puff of flame appears from out of thin air!
The puff of flame hits you! The fire burns you terribly!
You die...

####### #.....#
#...@.# ##...5.#
###......#
...#####........#
#.......)......#
#####.(.......#
#####(#.......#
####.....#..######
##....#####..#


You could see a friendly crimson imp.

Vanquished Creatures
  2 oozes
  A worm (D:2)
  A dart slug (D:2)
  A leopard gecko (D:1)
  An orc (D:3)
  5 bats
  2 giant cockroaches (D:1)
  3 goblins
  A hobgoblin (D:2)
  3 frilled lizards (D:1)
  3 kobolds
  4 rats
27 creatures vanquished.

Vanquished Creatures (collateral kills)
  Jessica (D:3)
  A worker ant zombie (D:2)
  4 gnolls (D:2)
  5 adders (D:2)
  A worm (D:2)
  4 orcs (D:3)
  2 giant cockroaches
  A goblin (D:2)
  A hobgoblin (D:2)
  3 kobolds
  A quokka (D:2)
  A ball python (D:2)
  4 bats (D:2)
  5 frilled lizards
  3 rats
37 creatures vanquished.

Grand Total: 64 creatures vanquished

Notes
Turn   | Place    | Note
-------+----------+-------------------------------------------
     0 | D:1      | Lianjan the Mummy Wizard began the quest for the Orb.
     0 | D:1      | Reached XP level 1. HP: 13/13 MP: 5/5
    20 | D:1      | Reached skill level 1 in Conjurations
   255 | D:1      | Reached XP level 2. HP: 17/19 MP: 4/7
   634 | D:1      | Learned a level 2 spell: Blink
   637 | D:1      | Learned a level 2 spell: Call Imp
  1261 | D:2      | Reached skill level 1 in Summonings
  1430 | D:2      | Reached XP level 3. HP: 24/24 MP: 3/8
  1516 | D:2      | Reached skill level 1 in Translocations
  1750 | D:2      | Found an ancient bone altar of Kikubaaqudgha.
  2112 | D:2      | Reached XP level 4. HP: 30/30 MP: 5/10
  2440 | D:2      | Learned a level 3 spell: Mephitic Cloud
  2444 | D:2      | Learned a level 3 spell: Conjure Flame
  2907 | D:3      | Noticed Jessica
  2917 | D:3      | Killed Jessica
  3044 | D:3      | Noticed Sigmund
  3080 | D:3      | Killed from afar by Sigmund

Vault maps used:
D:1:      minmay_arrival_four_houses
D:2:      lemuel_round_altar, hex_tiny
D:3:      grunt_gozag_breadcrumbs, uniq_sigmund, uniq_jessica

Skill      XL: |  1  2  3  4 |
---------------+-------------+-----
Conjurations   | 1 2 |  2.2
Summonings     | 1 2 |  2.1
Translocations | 1 |  1.5
Dodging        | |  1.5
Stealth        | |  1.5
Spellcasting   | |  4.9

Action                   |  1- 3 |  4- 6 || total
-------------------------+-------+-------++-------
Melee: Whip              |    52 |       ||    52
       Halberd           |       |    26 ||    26
       Spear             |       |     1 ||     1
 Cast: Magic Dart        |    34 |     8 ||    42
       Call Imp          |    26 |    26 ||    52
       Blink             |     2 |       ||     2
 Stab: Distracted        |       |     1 ||     1
       Sleeping          |       |     1 ||     1
Armor: Robe              |    19 |     5 ||    24
Dodge: Dodged            |    75 |    28 ||   103

Table legend:
 A = Spawn XP
 B = Non-spawn XP
 C = Spawn XP percentage of total XP
 D = Spawn monster count
 E = Non-spawn monster count
 F = Spawn count percentage of total count
 G = Total turns spent on level
                    A         B        C        D         E        F      G
               +---------+---------+-------+---------+---------+-------+---------
         Total |       0 |     186 |   0.0 |       0 |      64 |   0.0 |  3080
               +---------+---------+-------+---------+---------+-------+---------
           D:1 |       0 |      32 |   0.0 |       0 |      17 |   0.0 |  1279
           D:2 |       0 |     112 |   0.0 |       0 |      35 |   0.0 |  1477
           D:3 |       0 |      42 |   0.0 |       0 |      12 |   0.0 |   324
               +---------+---------+-------+---------+---------+-------+---------
